BSA
SO CAL HENVY @ BOSTON REBELS
09/29/2025
 
TOP OF THE 1ST
Los Angeles Bruins batting - Pitching for Boston Rebels : LHP José Hidalgo
Pitching: LHP José Hidalgo
Batting: RHB Gregg Nelson 0-0: Ball
1-0: Ground out 1-3 (Groundball, 23)
Batting: LHB César Valentín 0-0: Ball
1-0: Called Strike
1-1: Ball
2-1: Ground out 4-3 (Groundball, 34)
Batting: RHB Rubén Calderón 0-0: Ball
1-0: SINGLE (Line Drive, 8LS)
Batting: SHB Miguel González 0-0: SINGLE (Line Drive, 8LS)
Rubén Calderón to second
Pitching: RHP Carlos Ruíz
Batting: RHB Matt Doyle 0-0: Ball
1-0: Fly out, F7 (Flyball, 7D)
Top of the 1st over - 0 run(s), 2 hit(s), 0 error(s), 2 left on base; Los Angeles 0 - Boston 0
BOTTOM OF THE 1ST
Boston Rebels batting - Pitching for Los Angeles Bruins : RHP Flint Gray
Pitching: RHP Flint Gray
Batting: LHB Félix Gómez 0-0: Ball
1-0: Called Strike
1-1: Ball
2-1: Called Strike
2-2: Ball
3-2: SINGLE (Flyball, 8LS)
Batting: LHB Stanley Mullins 0-0: Ball
1-0: Fielders Choice at 2nd, 1-4 (Groundball, 13S)
Batting: LHB Bill Wilson 0-0: SINGLE (Groundball, 34D) (infield hit)
Stanley Mullins to second
Batting: LHB Lorenzo Flores 0-0: Ball
1-0: Swinging Strike
1-1: Foul Ball, location: 2F
1-2: Fly out, F4 (Popup, 4D)
Batting: SHB Javier Villegas 0-0: Ball
1-0: Called Strike
1-1: Ball
2-1: Foul Ball, location: 2F
2-2: Ball
3-2: Strikes out swinging
Bottom of the 1st over - 0 run(s), 2 hit(s), 0 error(s), 2 left on base; Los Angeles 0 - Boston 0
TOP OF THE 2ND
Los Angeles Bruins batting - Pitching for Boston Rebels : RHP Carlos Ruíz
Batting: LHB Al Mills 0-0: Ball
1-0: Foul Ball, location: 2F
1-1: Ball
2-1: Called Strike
2-2: Ball
3-2: Foul Ball, location: 2F
3-2: Fly out, F5 (Line Drive, 5S)
Batting: SHB Alexandre Chabot 0-0: Ball
1-0: Ball
2-0: Ball
3-0: Called Strike
3-1: Base on Balls
Batting: LHB Francisco Vega 0-0: Ball
1-0: Ball
2-0: Ball
3-0: Called Strike
3-1: SINGLE (Flyball, 8LS)
Alexandre Chabot to second
Pitching: RHP Alberto Bonilla
Batting: RHB Cordell Gibson 0-0: Ball
1-0: Swinging Strike
1-1: Swinging Strike
1-2: Strikes out swinging
Batting: RHB Gregg Nelson 0-0: Ball
1-0: Called Strike
1-1: Called Strike
1-2: Fly out, F9 (Flyball, 89S)
Top of the 2nd over - 0 run(s), 1 hit(s), 0 error(s), 2 left on base; Los Angeles 0 - Boston 0
BOTTOM OF THE 2ND
Boston Rebels batting - Pitching for Los Angeles Bruins : RHP Flint Gray
Batting: LHB Leo Wyeth 0-0: SINGLE (Groundball, 34D)
Batting: RHB Ronnie Brown 0-0: Fly out, F3 (Popup, 3F)
Batting: LHB Tony Ramírez 0-0: Ground out 3-1 (Groundball, 34)
Leo Wyeth to second
Batting: RHB Rob Whitley 0-0: Called Strike
0-1: Ground out 4-3 (Groundball, 4)
Bottom of the 2nd over - 0 run(s), 1 hit(s), 0 error(s), 1 left on base; Los Angeles 0 - Boston 0
TOP OF THE 3RD
Los Angeles Bruins batting - Pitching for Boston Rebels : RHP Alberto Bonilla
Batting: LHB César Valentín 0-0: Ball
1-0: Ball
2-0: Foul Ball, location: 2F
2-1: Ball
3-1: Called Strike
3-2: Strikes out swinging
Pitching: RHP António López
Batting: RHB Rubén Calderón 0-0: Called Strike
0-1: Ball
1-1: Foul Ball, location: 2F
1-2: Strikes out looking
Batting: SHB Miguel González 0-0: Called Strike
0-1: Called Strike
0-2: Ball
1-2: Foul Ball, location: 2F
1-2: Ball
2-2: DOUBLE (Flyball, 7D)
Pitching: LHP José Gómez
Batting: RHB Matt Doyle 0-0: Ball
1-0: Foul Ball, location: 2F
1-1: Ball
2-1: Ball
3-1: Base on Balls
Pitching: LHP António Alvarado
Batting: LHB Al Mills 0-0: Ball
1-0: Called Strike
1-1: Swinging Strike
1-2: Strikes out swinging
Top of the 3rd over - 0 run(s), 1 hit(s), 0 error(s), 2 left on base; Los Angeles 0 - Boston 0
BOTTOM OF THE 3RD
Boston Rebels batting - Pitching for Los Angeles Bruins : RHP Flint Gray
Batting: LHB Félix Gómez 0-0: Ball
1-0: Called Strike
1-1: Ground out 4-3 (Groundball, 4)
Batting: LHB Stanley Mullins 0-0: Called Strike
0-1: SOLO HOME RUN (Flyball, 9D), Distance : 409 ft
Batting: LHB Bill Wilson 0-0: Foul Ball, location: 2F
0-1: Foul Ball, location: 2F
0-2: Ball
1-2: Foul Ball, location: 2F
1-2: SINGLE (Line Drive, 78S)
Batting: LHB Lorenzo Flores 0-0: Reaches on Catchers interference
Bill Wilson to second
Batting: SHB Javier Villegas 0-0: Called Strike
0-1: Ball
1-1: Called Strike
1-2: Ball
2-2: Ball
3-2: Fly out, F6 (Popup, 6)
Batting: LHB Leo Wyeth 0-0: Foul Ball, location: 2F
0-1: Foul Ball, location: 2F
0-2: Strikes out swinging
Bottom of the 3rd over - 1 run(s), 2 hit(s), 1 error(s), 2 left on base; Los Angeles 0 - Boston 1
TOP OF THE 4TH
Los Angeles Bruins batting - Pitching for Boston Rebels : LHP António Alvarado
Batting: SHB Alexandre Chabot 0-0: Called Strike
0-1: SINGLE (Flyball, 9S)
Batting: LHB Francisco Vega 0-0: Fly out, F7 (Flyball, 7LM)
Batting: RHB Cordell Gibson 0-0: Ball
1-0: 2-RUN HOME RUN (Flyball, 9D), Distance : 402 ft
Batting: RHB Gregg Nelson 0-0: Called Strike
0-1: Ball
1-1: Ball
2-1: Ground out 4-3 (Groundball, 4)
Batting: LHB César Valentín 0-0: Ball
1-0: Ball
2-0: Ball
3-0: Base on Balls
Batting: RHB Rubén Calderón 0-0: Called Strike
0-1: Swinging Strike
0-2: Ball
1-2: Strikes out swinging
Top of the 4th over - 2 run(s), 2 hit(s), 0 error(s), 1 left on base; Los Angeles 2 - Boston 1
BOTTOM OF THE 4TH
Boston Rebels batting - Pitching for Los Angeles Bruins : RHP Flint Gray
Batting: RHB Ronnie Brown 0-0: Foul Ball, location: 2F
0-1: Ground out 1-3 (Groundball, 15S)
Batting: LHB Tony Ramírez 0-0: Reached on Error, E6 (Line Drive, 6D)
Batting: RHB Rob Whitley 0-0: Ball
1-0: Foul Ball, location: 2F
1-1: Ball
2-1: Foul Ball, location: 2F
2-2: Ball
3-2: Ground out 4-3 (Groundball, 4)
Tony Ramírez to second
Batting: LHB Félix Gómez 0-0: Foul Ball, location: 2F
0-1: Ball
1-1: Ground out U3 (Groundball, 3L)
Bottom of the 4th over - 0 run(s), 0 hit(s), 1 error(s), 1 left on base; Los Angeles 2 - Boston 1
TOP OF THE 5TH
Los Angeles Bruins batting - Pitching for Boston Rebels : LHP António Alvarado
Batting: SHB Miguel González 0-0: Ball
1-0: Ball
2-0: Ball
3-0: Called Strike
3-1: Base on Balls
Batting: RHB Matt Doyle 0-0: Called Strike
0-1: SINGLE (Flyball, 8LS)
Miguel González to second
Runner from 2nd tries for 3rd, SAFE, no throw or cutoff
Batting: LHB Al Mills 0-0: Ball
1-0: SINGLE (Groundball, 6MD)
Miguel González scores
Matt Doyle to second
Batting: SHB Alexandre Chabot 0-0: Ball
1-0: Ball
2-0: Called Strike
2-1: Ball
3-1: 3-RUN HOME RUN (Flyball, 7D), Distance : 441 ft
Batting: LHB Francisco Vega 0-0: Ball
1-0: Ball
2-0: Ball
3-0: Called Strike
3-1: Base on Balls
Batting: RHB Cordell Gibson 0-0: Ball
1-0: DOUBLE (Line Drive, 9LS)
Francisco Vega to third
Batting: RHB Gregg Nelson 0-0: Ball
1-0: Ball
2-0: Swinging Strike
2-1: Foul Ball, location: 2F
2-2: Ball
3-2: DOUBLE (Groundball, 5L)
Francisco Vega scores
Cordell Gibson scores
Batting: LHB César Valentín 0-0: Ball
1-0: Ball
2-0: Called Strike
2-1: Ball
3-1: Base on Balls
Batting: RHB Rubén Calderón 0-0: Ball
1-0: Called Strike
1-1: Ball
2-1: SINGLE (Flyball, 9LS)
Gregg Nelson to third
César Valentín to second
Runner from 3rd tries for Home, SAFE, throw made home
César Valentín to third
Rubén Calderón to second
Batting: SHB Miguel González 0-0: Ball
1-0: Ball
2-0: Foul Ball, location: 2F
2-1: Ball
3-1: Base on Balls
Pitching: LHP Luis Valentín
Batting: RHB Matt Doyle 0-0: Ball
1-0: Ball
2-0: Foul Ball, location: 2F
2-1: Foul Ball, location: 2F
2-2: Ball
3-2: Strikes out swinging
Batting: LHB Al Mills 0-0: Foul Ball, location: 2F
0-1: Ball
1-1: Fly out, F6 (Popup, 7LS)
Batting: SHB Alexandre Chabot 0-0: Ball
1-0: Fly out, F9 (Flyball, 9M)
Top of the 5th over - 7 run(s), 6 hit(s), 0 error(s), 3 left on base; Los Angeles 9 - Boston 1
BOTTOM OF THE 5TH
Boston Rebels batting - Pitching for Los Angeles Bruins : RHP Flint Gray
Batting: LHB Stanley Mullins 0-0: Foul Ball, location: 2F
0-1: Ball
1-1: Swinging Strike
1-2: Fly out, F4 (Line Drive, 4)
Batting: LHB Bill Wilson 0-0: Called Strike
0-1: SINGLE (Groundball, 4MD)
Batting: LHB Lorenzo Flores 0-0: Called Strike
0-1: Called Strike
0-2: Foul Ball, location: 2F
0-2: Strikes out swinging
Batting: SHB Javier Villegas 0-0: Called Strike
0-1: Ball
1-1: Ball
2-1: Foul Ball, location: 2F
2-2: Foul Ball, location: 2F
2-2: Strikes out looking
Bottom of the 5th over - 0 run(s), 1 hit(s), 0 error(s), 1 left on base; Los Angeles 9 - Boston 1
TOP OF THE 6TH
Los Angeles Bruins batting - Pitching for Boston Rebels : LHP Luis Valentín
Batting: LHB Francisco Vega 0-0: Called Strike
0-1: Called Strike
0-2: Ground out 6-3 (Groundball, 6)
Batting: RHB Cordell Gibson 0-0: Ball
1-0: Called Strike
1-1: Foul Ball, location: 2F
1-2: Strikes out swinging
Batting: RHB Gregg Nelson 0-0: Called Strike
0-1: Foul Ball, location: 2F
0-2: Foul Ball, location: 2F
0-2: Ball
1-2: Foul Ball, location: 2F
1-2: Ball
2-2: Ball
3-2: Foul Ball, location: 2F
3-2: SINGLE (Groundball, 56D)
Batting: LHB César Valentín 0-0: Called Strike
0-1: Called Strike
0-2: Ball
1-2: Strikes out swinging
Top of the 6th over - 0 run(s), 1 hit(s), 0 error(s), 1 left on base; Los Angeles 9 - Boston 1
BOTTOM OF THE 6TH
Boston Rebels batting - Pitching for Los Angeles Bruins : RHP Flint Gray
Batting: LHB Leo Wyeth 0-0: Called Strike
0-1: Swinging Strike
0-2: Fly out, F8 (Flyball, 8RS)
Batting: RHB Ronnie Brown 0-0: Fly out, F8 (Flyball, 8LS)
Batting: LHB Tony Ramírez 0-0: Ball
1-0: Fly out, F7 (Flyball, 78M)
Bottom of the 6th over - 0 run(s), 0 hit(s), 0 error(s), 0 left on base; Los Angeles 9 - Boston 1
TOP OF THE 7TH
Los Angeles Bruins batting - Pitching for Boston Rebels : LHP Luis Valentín
Batting: RHB Rubén Calderón 0-0: Ball
1-0: SOLO HOME RUN (Flyball, 7LD), Distance : 363 ft
Batting: SHB Miguel González 0-0: Called Strike
0-1: Ground out 5-3 (Groundball, 56S)
Batting: RHB Matt Doyle 0-0: Called Strike
0-1: Foul Ball, location: 2F
0-2: Ball
1-2: Ground out 1-3 (Groundball, 23)
Batting: LHB Al Mills 0-0: Ball
1-0: Swinging Strike
1-1: Ball
2-1: Ball
3-1: Called Strike
3-2: Base on Balls
Batting: SHB Alexandre Chabot 0-0: Ball
1-0: Foul Ball, location: 2F
1-1: Ground out 1-3 (Groundball, 13S)
Top of the 7th over - 1 run(s), 1 hit(s), 0 error(s), 1 left on base; Los Angeles 10 - Boston 1
BOTTOM OF THE 7TH
Boston Rebels batting - Pitching for Los Angeles Bruins : RHP Flint Gray
Batting: RHB Rob Whitley 0-0: Ball
1-0: Ball
2-0: Ball
3-0: Called Strike
3-1: Fly out, F6 (Popup, 56D)
Batting: LHB Félix Gómez 0-0: Called Strike
0-1: Ball
1-1: SINGLE (Line Drive, 89S)
Batting: LHB Stanley Mullins 0-0: Called Strike
Félix Gómez steals 2nd base
0-1: Ground out 1-3 (Groundball, 15)
Batting: LHB Bill Wilson 0-0: Swinging Strike
0-1: Ball
1-1: Fly out, F7 (Flyball, 7D)
Bottom of the 7th over - 0 run(s), 1 hit(s), 0 error(s), 1 left on base; Los Angeles 10 - Boston 1
TOP OF THE 8TH
Los Angeles Bruins batting - Pitching for Boston Rebels : LHP Luis Valentín
Batting: LHB Francisco Vega 0-0: Called Strike
0-1: Foul Ball, location: 2F
0-2: SINGLE (Flyball, 6MD)
Batting: RHB Cordell Gibson 0-0: Ball
1-0: Reached on error, E2 (Groundball, 25)
Francisco Vega to third
Batting: RHB Gregg Nelson 0-0: Foul Ball, location: 2F
0-1: Ball
1-1: SINGLE (Flyball, 9LS)
Francisco Vega scores
Cordell Gibson to third
Batting: LHB César Valentín 0-0: Ball
1-0: Foul Ball, location: 2F
1-1: Ball
2-1: Fly out, F4 (Line Drive, 4)
Batting: RHB Rubén Calderón 0-0: Foul Ball, location: 2F
0-1: Called Strike
0-2: Strikes out swinging
Batting: SHB Miguel González 0-0: Foul Ball, location: 2F
0-1: Foul Ball, location: 2F
0-2: SINGLE (Groundball, 56D)
Cordell Gibson scores
Gregg Nelson to second
Batting: RHB Matt Doyle 0-0: Ball
1-0: Foul Ball, location: 2F
1-1: Foul Ball, location: 2F
1-2: Foul Ball, location: 2F
1-2: Ball
2-2: Ball
3-2: SINGLE (Groundball, 4MD)
Gregg Nelson to third
Miguel González to second
Gregg Nelson scores
Miguel González to third
Batting: LHB Al Mills 0-0: Foul Ball, location: 2F
0-1: Ball
1-1: Foul Ball, location: 2F
1-2: Ball
2-2: Ground out 3-1 (Groundball, 34)
Top of the 8th over - 3 run(s), 4 hit(s), 1 error(s), 2 left on base; Los Angeles 13 - Boston 1
BOTTOM OF THE 8TH
Boston Rebels batting - Pitching for Los Angeles Bruins : RHP Flint Gray
Batting: LHB Lorenzo Flores 0-0: Ball
1-0: Ball
2-0: Foul Ball, location: 2F
2-1: Ground out 4-3 (Groundball, 4)
Batting: SHB Javier Villegas 0-0: Ball
1-0: Called Strike
1-1: Ball
2-1: Foul Ball, location: 2F
2-2: Strikes out swinging
Batting: LHB Leo Wyeth 0-0: Swinging Strike
0-1: Ball
1-1: Ball
2-1: Swinging Strike
2-2: Foul Ball, location: 2F
2-2: Foul Ball, location: 2F
2-2: Ball
3-2: Foul Ball, location: 2F
3-2: Ground out 4-3 (Groundball, 4)
Bottom of the 8th over - 0 run(s), 0 hit(s), 0 error(s), 0 left on base; Los Angeles 13 - Boston 1
TOP OF THE 9TH
Los Angeles Bruins batting - Pitching for Boston Rebels : LHP Luis Valentín
Pitching: RHP Pat Haynes
Batting: SHB Alexandre Chabot 0-0: Fly out, F7 (Flyball, 78D)
Batting: LHB Francisco Vega 0-0: Ball
1-0: Called Strike
1-1: Swinging Strike
1-2: Foul Ball, location: 2F
1-2: Ball
2-2: Fly out, F9 (Flyball, 9M)
Batting: RHB Cordell Gibson 0-0: Ball
1-0: Fly out, F4 (Popup, 34)
Top of the 9th over - 0 run(s), 0 hit(s), 0 error(s), 0 left on base; Los Angeles 13 - Boston 1
BOTTOM OF THE 9TH
Boston Rebels batting - Pitching for Los Angeles Bruins : RHP Flint Gray
Batting: RHB Ronnie Brown 0-0: Called Strike
0-1: Ground out 1-3 (Groundball, 23)
Pitching: RHP Jeong Pak
Pinch Hitting: RHB Wilson Gómez 0-0: Swinging Strike
0-1: Foul Ball, location: 2F
0-2: Foul Ball, location: 2F
0-2: Ball
1-2: Foul Ball, location: 2F
1-2: Ball
2-2: Ball
3-2: Strikes out looking
Batting: RHB Rob Whitley 0-0: Ball
1-0: Ball
2-0: Ball
3-0: Base on Balls
Batting: LHB Félix Gómez 0-0: Ball
1-0: Ball
2-0: SINGLE (Groundball, 5D)
Rob Whitley to second
Batting: LHB Stanley Mullins 0-0: Ball
1-0: Ball
2-0: Called Strike
2-1: Ground out 1-3 (Groundball, 25)
Bottom of the 9th over - 0 run(s), 1 hit(s), 0 error(s), 2 left on base; Los Angeles 13 - Boston 1
This league is powered by Out of the Park Baseball, the baseball management simulation game for PC, Mac and Linux
Tuesday, August 2nd, 2016 - OOTP Baseball 16.8 Build 38